 Seeded DCSS version 0.32-a0-871-ge202e49faa (webtiles) character file.

Game seed: 1694046813303958876 (custom seed)

1841 bmack86 the Cleaver (level 8, -15/64 HPs)
             Began as a Minotaur Fighter on Mar 30, 2024.
             Was an Initiate of Okawaru.
             Killed from afar by a steam dragon (19 damage)
             ... with a ball of steam
             ... on level 7 of the Dungeon.
             The game lasted 00:11:08 (5787 turns).

bmack86 the Cleaver (Minotaur Fighter)              Turns: 5787, Time: 00:11:08

Health: -15/64     AC: 10    Str: 28    XL:     8   Next: 87%
Magic:  9/9        EV: 12    Int:  9    God:    Okawaru [......]
Gold:   277        SH:  9    Dex: 11    Spells: 7/7 levels left

rFire   x . .        q - +2 broad axe "Fiock" {pain, rPois rF- Int+4}
rCold   . . .        c - +0 buckler
rNeg    . . .        M - +0 chain mail
rPois   +            (helmet restricted)
rElec   .            (no cloak)
rCorr   .            (no gloves)
SInv    .            I - +0 pair of boots
Will    .....        j - amulet of reflection Stlth
                     f - +6 ring of strength
HPRegen 0.30/turn    r - +5 ring of evasion
MPRegen 0.11/turn

%: reflection
@: no status effects
A: horns 2, retaliatory headbutt
a: Renounce Religion


You were on level 7 of the Dungeon.
You worshipped Okawaru.
Okawaru was noncommittal.
You visited 2 branches of the dungeon, and saw 8 of its levels.

You collected 277 gold pieces.

Inventory:

Hand Weapons
 a - a +0 war axe
 q - the +2 broad axe "Fiock" (weapon) {pain, rPois rF- Int+4}
   (You acquired it on level 4 of the Dungeon)

   Int+4:     It affects your intelligence (+4).
   rF-:       It makes you vulnerable to fire.
   rPois:     It protects you from poison.
Missiles
 J - a curare-tipped dart
Armour
 b - a +0 scale mail
 c - a +0 buckler (worn)
 I - a +0 pair of boots (worn)
 M - a +0 chain mail (worn)
Jewellery
 d - an amulet of the acrobat
 f - a +6 ring of strength (left hand)
 j - an amulet of reflection (around neck)
 r - a +5 ring of evasion (right hand)
 H - a ring of protection from cold
 K - an amulet of faith
Wands
 y - a wand of mindburst (4) (quivered)
 L - a wand of iceblast (10)
 N - a wand of flame (18)
Scrolls
 n - 3 scrolls of enchant armour {unknown}
 p - 2 scrolls of enchant weapon {unknown}
 t - 3 scrolls of blinking
 u - 2 scrolls of fear {unknown}
 v - a scroll of noise {unknown}
 x - 2 scrolls of revelation {unknown}
 A - a scroll of silence {unknown}
 B - a scroll of vulnerability {unknown}
 C - 2 scrolls of poison {unknown}
 D - 2 scrolls of identify {unknown}
 E - 2 scrolls of teleportation {unknown}
 F - 2 scrolls of fog {unknown}
 G - a scroll of immolation {unknown}
Potions
 e - 3 potions of enlightenment {unknown}
 g - 3 potions of curing {unknown}
 h - 3 potions of heal wounds {unknown}
 i - a potion of cancellation {unknown}
 k - a potion of brilliance {unknown}
 l - 2 potions of lignification {unknown}
 m - 2 potions of haste {unknown}
 o - 2 potions of degeneration {unknown}
 s - a potion of magic {unknown}
 w - 2 potions of attraction {unknown}
 z - 3 potions of mutation {unknown}


   Skills:
 - Level 3.6 Fighting
 * Level 12.7 Axes
 - Level 3.6 Armour
 - Level 5.0 Shields
 + Level 3.1 Invocations


You had 7 spell levels left.
You didn't know any spells.
Your spell library contained the following spells:

 Spells                   Type           Power      Damage    Failure   Level
 Necrotise                Necr           0%         1d4       91%         1
 Ensorcelled Hibernation  Hex/Ice        0%         N/A       97%         2
 Passwall                 Erth           0%         N/A       99%         3
 Swiftness                Air            0%         N/A       99%         3
 Vampiric Draining        Necr           0%         2d6       99%         3
 Curse of Agony           Necr           0%         N/A       100%        5
 Martyr's Knell           Necr/Summ      Unusable   N/A       N/A         4

Dungeon Overview and Level Annotations

Branches:
Dungeon (7/15)             Temple (1/1) D:6

Altars:
Ashenzari
Cheibriados
Fedhas
Gozag
Hepliaklqana
Kikubaaqudgha
Makhleb
Nemelex Xobeh
Okawaru
Qazlal
Ru
Sif Muna
Trog
Uskayaw
Vehumet
Wu Jian
Xom
Yredelemnul
Zin

Shops:
D:1 (   D:2 (


Innate Abilities, Weirdness & Mutations

You have a pair of horns on your head.
You reflexively headbutt those who attack you in melee.


Message History

The steam dragon bites you but does no damage.
You block the steam dragon's attack.
You hit the steam dragon.
The steam dragon is heavily wounded.
You block the steam dragon's attack. The steam dragon barely misses you.
You barely miss the steam dragon.
The steam dragon is heavily wounded.
The steam dragon breathes steam at you. The ball of steam hits you!
The steam scalds you terribly!
You closely miss the steam dragon. You headbutt the steam dragon!
The steam dragon is severely wounded.
You are engulfed in a cloud of scalding steam.
* * * LOW HITPOINT WARNING * * *
The steam dragon bites you but does no damage.
The steam dragon claws you.
* * * LOW HITPOINT WARNING * * *
You hit the steam dragon.
The steam dragon is severely wounded.
You block the steam dragon's attack. The steam dragon misses you.
You closely miss the steam dragon.
The steam dragon is severely wounded.
The steam dragon barely misses you. x2
You hit the steam dragon.
The steam dragon is almost dead.
You block the steam dragon's attack. x2
You hit the steam dragon. Your headbutt misses the steam dragon.
The steam dragon is almost dead.
The steam dragon bites you.
* * * LOW HITPOINT WARNING * * *
The steam dragon claws you but does no damage.
You closely miss the steam dragon.
You headbutt the steam dragon, but do no damage.
The steam dragon is almost dead.
The steam dragon barely misses you. The steam dragon claws you.
* * * LOW HITPOINT WARNING * * *
You closely miss the steam dragon.
The steam dragon is almost dead.
The steam dragon breathes steam at you. The ball of steam hits you!!
The steam scalds you terribly!
You die...

##.≈≈._.≈≈.#.....................
##.≈≈...≈≈.#.....................
##.≈.≈≈≈.≈.#.....................
##.≈.....≈.#.....................
##..≈≈≈≈≈..#.....................
..#########......................
...# +######'################
...# ............# #...... ...#
......D@†...# #...... ...#
............# #..[... ...#
............# #...... ...#
............# #...... ...#
...........># #...... ...#
############# ####### ####


You could see a steam dragon (catching breath).

Vanquished Creatures
  3 yaks (D:6)
  2 water moccasins
  An ice beast (D:6)
  A sky beast (D:7)
  An ogre (D:5)
  A centaur (D:6)
  A kobold brigand (D:7)
  A scorpion (D:4)
  A howler monkey (D:7)
  A bombardier beetle (D:6)
  A jelly (D:4)
  2 gnoll boudas
  6 hounds
  4 iguanas (D:4)
  An orc wizard (D:6)
  8 gnolls
  8 adders
  A shadow imp (D:3)
  2 white imps
  3 dart slugs
  A ribbon worm (D:2)
  5 orcs (D:6)
  6 ball pythons
  6 endoplasms
  2 giant cockroaches
  4 goblins
  10 hobgoblins
  11 jackals
  5 kobolds
  3 quokkas (D:2)
  7 bats
  3 frilled lizards
  3 rats (D:2)
115 creatures vanquished.

Notes
Turn   | Place    | Note
-------+----------+-------------------------------------------
     0 | D:1      | bmack86 the Minotaur Fighter began the quest for the Orb.
     0 | D:1      | Reached XP level 1. HP: 19/19 MP: 0/0
   282 | D:1      | Found Itosaobly's Antique Weapon Shoppe.
   372 | D:1      | Reached XP level 2. HP: 26/26 MP: 1/1
  1097 | D:2      | Reached skill level 3 in Axes
  1127 | D:2      | Reached XP level 3. HP: 27/31 MP: 2/2
  1260 | D:2      | Reached skill level 5 in Shields
  1409 | D:2      | Reached skill level 4 in Axes
  1417 | D:2      | Reached XP level 4. HP: 39/39 MP: 3/3
  1686 | D:2      | Found Unarirph Anwo's Weapon Shop.
  1972 | D:3      | You fall into a shaft and drop 3 floors!
  1987 | D:6      | Reached skill level 5 in Axes
  1987 | D:6      | Reached XP level 5. HP: 45/45 MP: 4/4
  2007 | D:6      | Noticed an ogre
  2008 | D:6      | Noticed an ice beast
  2014 | D:5      | Entered Level 5 of the Dungeon
  2018 | D:5      | Killed an ogre
  2019 | D:5      | Reached skill level 6 in Axes
  2125 | D:4      | Identified a scroll of acquirement
  2125 | D:4      | Acquired the +2 broad axe "Fiock" {pain, rPois rF- Int+4}
  2149 | D:4      | Reached skill level 7 in Axes
  2149 | D:4      | Reached XP level 6. HP: 13/51 MP: 5/5
  2913 | D:4      | Reached skill level 8 in Axes
  3536 | D:5      | Reached XP level 7. HP: 57/57 MP: 6/6
  3952 | D:6      | Reached skill level 9 in Axes
  4059 | D:6      | Noticed a yak
  4066 | D:6      | Noticed a yak
  4068 | D:6      | Noticed a yak
  4072 | D:6      | Killed a yak
  4073 | D:6      | Reached skill level 10 in Axes
  4143 | D:6      | Killed a yak
  4156 | D:6      | Killed a yak
  4157 | D:6      | Reached skill level 11 in Axes
  4157 | D:6      | Reached XP level 8. HP: 44/64 MP: 7/7
  4309 | D:6      | Found a staircase to the Ecumenical Temple.
  4319 | Temple   | Entered the Ecumenical Temple
  4328 | Temple   | Became a worshipper of Warmaster Okawaru
  4777 | D:6      | Reached skill level 1 in Invocations
  4989 | D:7      | Reached skill level 12 in Axes
  5280 | D:7      | Found a burning altar of Makhleb.
  5786 | D:7      | HP: 3/64 [steam dragon (4)]
  5787 | D:7      | Killed from afar by a steam dragon

Illustrated notes

Levels and vault maps discovered:
D:1:      denvon_arrival_planthouse, layout_loops_corners, serial_shops,
          nicolae_shop_back_alley_shop, serial_co_window_serial,
          co_window_corner_a, co_window_paths_a, co_window_paths_a,
          co_window_paths_a, co_window_corner_a, co_window_corner_a,
          co_window_unsneaky_path_c, co_window_broadway_a, co_window_broadway_c,
          co_window_paths_d
D:2:      minmay_recursive_quarters, layout_rooms, serial_shops,
          nicolae_shop_bloodbath_and_beyond
D:3:      layout_rooms, corexii_item_surrounded_by_moat,
          nicolae_elevator_lobby_plus
D:4:      layout_basic, grunt_decor_junction
D:5:      layout_gridville
D:6:      layout_basic, minmay_temple_entry_mini_moons
D:7:      layout_gridville, mainiacjoe_overflow_paths,
          hangedman_abyss_or_decor_stabs
Temple:   dpeg_three_leaves_temple

Skill      XL: |  1  2  3  4  5  6  7  8 |
---------------+-------------------------+-----
Shields        | 4 5 |  5.0
Axes           | 3 4 5 7 8 11 12 | 12.7
Invocations    | 3 |  3.1
Fighting       | |  3.6
Armour         | |  3.6

Action                     |  1- 3 |  4- 6 |  7- 9 || total
---------------------------+-------+-------+-------++-------
  Melee: War axe           |    56 |    90 |    67 ||   213
         Headbutt          |     5 |    15 |    11 ||    31
         Broad axe         |       |       |    23 ||    23
  Evoke: Wand              |       |     2 |     7 ||     9
    Use: Scroll            |       |     4 |     1 ||     5
         Potion            |       |     1 |     1 ||     2
 Armour: Scale mail        |    54 |    41 |    55 ||   150
         Chain mail        |       |       |    20 ||    20
  Dodge: Dodged            |    38 |    46 |    44 ||   128
  Block: Buckler           |    37 |    42 |    49 ||   128
         Reflection        |       |       |     4 ||     4

Table legend: (Time is in decaauts)
 A = Elapsed time spent in this place.
 B = Non-inter-level travel time spent in this place.
 C = Inter-level travel time spent in this place.
 D = Time resting spent in this place.
 E = Time spent auto-exploring this place.
 F = Levels seen in this place.
 G = Mean time per level.
                   A        B        C        D        E       F      G
               +--------+--------+--------+--------+--------+-----+--------+
         Total |   5818 |   5657 |    161 |    134 |   4119 |   8 |  727.2 |
       Dungeon |   5803 |   5647 |    156 |    134 |   4119 |   7 |  829.0 |
        Temple |     15 |     10 |      5 |      0 |      0 |   1 |   15.0 |
               +--------+--------+--------+--------+--------+-----+--------+

Top non-repeatable levels by time:
     D:4: 1111 daAuts
     D:1: 1093 daAuts
     D:6: 1082 daAuts
     D:7: 807 daAuts
     D:2: 664 daAuts
     D:5: 530 daAuts
     D:3: 514 daAuts
  Temple: 15 daAuts
